 Dungeon Crawl Stone Soup version 0.18-a0-1800-gdc7a371 (webtiles) character file.

22 4thArraOfDagon the Vexing (level 2, 9/22 HPs)
             Began as a Mummy Arcane Marksman on Apr 24, 2016.
             Quit the game on level 7 of the Dungeon.
             The game lasted 00:03:48 (790 turns).

4thArraOfDagon the Vexing (Mummy Arcane Marksman)    Turns: 790, Time: 00:03:49

Health: 9/22       AC:  6    Str: 14    XL:     2   Next: 68%
Magic:  3/3        EV: 10    Int: 12    God:
Gold:   90         SH:  0    Dex: 11    Spells: 1 memorised, 2 levels left

rFire  . . .     SeeInvis .     a - +0 hand crossbow
rCold  . . .     Gourm    .     k - +0 ring mail
rNeg   + + +     Faith    .     (no shield)
rPois  ∞         Spirit   .     (no helmet)
rElec  .         Dismiss  .     (no cloak)
rCorr  .         Reflect  .     i - +0 pair of gloves
SustAt .         Harm     .     (no boots)
MR     .....     Rnd*Tele +     j - amulet of inaccuracy (curse)
Stlth  +.........               m - ring of fire
                                l - ring of teleportation (curse)

@: not resistant to hostile enchantments, very unstealthy
A: no food or potions, fire vulnerability, cold resistance 1, negative energy
resistance 3, torment resistance, unbreathing
a: no special abilities


You were on level 7 of the Dungeon.
You were not hungry.

You visited 1 branch of the dungeon, and saw 6 of its levels.

You collected 90 gold pieces.

Inventory:

Hand Weapons
 a - a +0 hand crossbow (weapon)
 f - a +0 whip
 h - a +0 spear
Missiles
 d - 16 bolts (quivered)
Armour
 b - a +0 robe
 i - a +0 pair of gloves (worn)
 k - a +0 ring mail (worn)
Jewellery
 j - a cursed amulet of inaccuracy (around neck)
 l - a cursed ring of teleportation (left hand)
 m - a ring of fire (right hand)
Scrolls
 e - a scroll of identify
 g - a scroll of noise
Books
 c - a book of Debilitation

   Spells                             Type                      Level
   a - Corona                         Hexes                        1
   b - Slow                           Hexes                        2
   c - Gell's Gravitas                Hexes/Translocation          3
   d - Inner Flame                    Hexes/Fire                   3
   e - Cause Fear                     Hexes                        4
   f - Leda's Liquefaction            Hexes/Earth                  4


   Skills:
 + Level 1.8 Fighting
 - Level 2.3 Crossbows
 - Level 1.5 Dodging
 - Level 1.0 Spellcasting
 - Level 2.6 Hexes


You had 2 spell levels left.
You knew the following spells:

 Your Spells              Type           Power        Failure   Level  Hunger
a - Corona                Hex            #......      24%         1    N/A

Dungeon Overview and Level Annotations

Branches:
Dungeon (7/15)
 Temple: D:4-7

Altars:
Qazlal


Innate Abilities, Weirdness & Mutations

You do not eat or drink.
Your flesh is vulnerable to fire.
You are immune to poison.
Your flesh is cold resistant.
You are immune to negative energy.
You are immune to unholy pain and torment.
You can survive without breathing.


Message History

The orc hits you but does no damage.
Unknown command.
Read which item? (? for menu, Esc to quit)
As you read the scroll labeled ROMILA PYSOYT, it crumbles to dust.
It is a scroll of recharging.
You aren't carrying any rechargeable items.
The orc hits you with a club.
The centaur shoots an arrow.
The arrow barely misses you.
Unknown command.
Unknown command.
The centaur shoots an arrow.
The arrow completely misses you.
You see here an arrow.
Unknown command.
The orc hits you but does no damage.
Unknown command.
Unknown command.
Unknown command.
Unknown command.
Unknown command.
Are you sure you want to abandon this character and quit the game? (Confirm with "yes".)

.....## o.....#
{.##...# ..# #...#
### #...# # #..#
## #..## .#####
#...#######
.#...## #...#o.o@#
......####.c.Z.###
....o..#.o.#####
........o###
...(....(#
....((...#
.........#
.........#
........##


You could see an orc warrior, a centaur, 2 orcs and a worker ant zombie.

Vanquished Creatures
  An ooze (D:1)
  A worm (D:3)
  2 goblins (D:2)
  3 hobgoblins
  A kobold (D:2)
  3 bats
  A giant gecko zombie (D:7)
  A giant newt (D:1)
  4 rats (D:1)
17 creatures vanquished.

Notes
Turn   | Place    | Note
--------------------------------------------------------------
     0 | D:1      | 4thArraOfDagon the Mummy Arcane Marksman began the quest for the Orb.
     0 | D:1      | Reached XP level 1. HP: 15/15 MP: 2/2
   110 | D:1      | Reached XP level 2. HP: 20/21 MP: 3/3
   354 | D:2      | Found a stormy altar of Qazlal.
   410 | D:4      | Noticed a phantom
   702 | D:3      | You fall through a shaft for 3 floors!
   743 | D:7      | Noticed an orc warrior
   773 | D:7      | Noticed a centaur
   790 | D:7      | Quit the game

Vault maps used:
D:1:      eino_arrival_cavern_d
D:2:      grunt_qazlal_sundering, vehumet_crystals, serial_glass,
          glass_columns_b, glass_columns_a, due_unseen_surprise,
          feat_on_display, item_on_display_a
D:3:      first_bread, kennysheep_generic_room_11, uniq_iyjb, uniq_robin
D:4:      kennysheep_generic_room_5, uniq_eustachio, uniq_menkaure, uniq_grinder
D:6:      grunt_temple_overflow_open, temple_green, kennysheep_small_spiral,
          minmay_crystal_room
D:7:      grunt_temple_overflow_gold_and_silver, overflow_temple_1_default,
          nicolae_overflow_hidden_temple, grunt_dithmenos_shadows,
          uniq_prince_ribbit1

Skill      XL: |  1 |
---------------+----+-----
Crossbows      | 2 |  2.3
Fighting       | |  1.8
Dodging        | |  1.5
Spellcasting   | |  1.0
Hexes          | |  2.6

Action                   || total
-------------------------++-------
Melee: Whip              ||    32
 Fire: Hand crossbow     ||    15
  Use: Scroll            ||     3
Armor: Robe              ||    16
       Ring mail         ||     5
Dodge: Dodged            ||    26
